 Dungeon Crawl Stone Soup version 0.28.0-47-ge53b351184 (webtiles) character file.

Game seed: 16175539117716734275

1793 Eitelfritz the Covert (level 9, -5/45 HPs)
             Began as a Kobold Brigand on May 4, 2022.
             Was a Priest of Hepliaklqana.
             Killed from afar by a starcursed mass (6 damage)
             ... with an accursed screaming
             ... on level 2 of the Abyss.
             The game lasted 00:20:50 (6893 turns).

Eitelfritz the Covert (Kobold Brigand)              Turns: 6893, Time: 00:20:50

Health: -5/45      AC:  3    Str:  9    XL:     9   Next: 30%
Magic:  0/9        EV: 16    Int: 12    God:    Hepliaklqana [***...]
Gold:   340        SH:  0    Dex: 20    Spells: 6/8 levels left

rFire   . . .      SeeInvis .   a - +2 dagger (freeze)
rCold   . . .      Faith    .   (no shield)
rNeg    . . .      Spirit   +   x - +0 robe
rPois   .          Reflect  .   (no helmet)
rElec   .          Harm     .   c - +0 cloak
rCorr   .          Rampage  .   (no gloves)
Will    .....                   (no boots)
Stlth   +++++++...              l - amulet of guardian spirit
HPRegen 0.15/turn               (no ring)
MPRegen 0.11/turn               (no ring)

@: no status effects
A: reduced essence, small, no large weapons, nightstalker 3
a: Renounce Religion, Recall Ancestor, Ancestor Identity, Transference


You were on level 2 of the Abyss.
You worshipped Hepliaklqana.
Hepliaklqana was most pleased with you.
You visited 2 branches of the dungeon, and saw 7 of its levels.
You visited the Abyss 1 time.

You collected 340 gold pieces.

Inventory:

Hand Weapons
 a - a +2 dagger of freezing (weapon)
 b - a +0 vorpal rapier
 p - a +2 dagger of venom
Missiles
 d - 30 poisoned darts (quivered)
 t - a boomerang of dispersal
 u - 2 silver boomerangs
 v - a throwing net
 w - a curare-tipped dart
Armour
 c - a +0 cloak (worn)
 x - a +0 robe (worn)
 y - a +0 leather armour
Jewellery
 l - an amulet of guardian spirit (around neck)
 q - a ring of protection from fire
 C - a +4 ring of evasion
Wands
 B - a wand of flame (18)
Scrolls
 e - 2 scrolls of magic mapping {unknown}
 g - a scroll of teleportation
 i - a scroll of amnesia
 j - a scroll of blinking
 n - 2 scrolls of fear
 D - a scroll of vulnerability {unknown}
Potions
 f - 2 potions of flight
 h - a potion of haste {unknown}
 k - 2 potions of resistance
 m - a potion of heal wounds {unknown}
 o - 2 potions of lignification
 r - a potion of ambrosia {unknown}
 s - 2 potions of curing {unknown}
 z - a potion of might {unknown}
 A - a potion of attraction {unknown}


   Skills:
 + Level 3.2 Fighting
 + Level 6.4 Short Blades
 + Level 2.6 Throwing
 + Level 3.6 Dodging
 + Level 14.5 Stealth


You had 6 spell levels left.
You knew the following spells:

 Your Spells              Type           Power      Damage    Failure   Level
a - Ensorcelled Hibernat  Hex/Ice        0%         N/A       45%         2

Your spell library contained the following spells:

 Spells                   Type           Power      Damage    Failure   Level
 Beastly Appendage        Tmut           0%         N/A       32%         1
 Magic Dart               Conj           0%         1d3       32%         1
 Call Imp                 Summ           0%         N/A       45%         2
 Passwall                 Tmut/Erth      0%         N/A       45%         2
 Wereblood                Tmut           0%         N/A       45%         2
 Mephitic Cloud           Conj/Pois/Air  0%         N/A       69%         3
 Spider Form              Tmut/Pois      0%         N/A       69%         3
 Swiftness                Air            0%         N/A       69%         3


Dungeon Overview and Level Annotations

Branches:
Dungeon (6/15)             Temple (1/1) D:6

Altars:
Ashenzari
Dithmenos
Elyvilon
Fedhas
Gozag
Hepliaklqana
Kikubaaqudgha
Makhleb
Nemelex Xobeh
Okawaru
Qazlal
Ru
Sif Muna
Trog
Uskayaw
Xom
Yredelemnul
Zin
The Shining One

Shops:
D:5 (


Innate Abilities, Weirdness & Mutations

Your life essence is reduced to manifest your ancestor. (-10% HP)
You are small and have problems with some larger weapons.
You are completely attuned to the shadows.


Message History

Huemac misses something.
Huemac hits something with a +0 flail.
Something touches Huemac but does no damage.
Huemac hits something with a +0 flail!
Huemac closely misses something.
A large abomination comes into view.
You are suddenly pulled into a different region of the Abyss!
Okay, then.
Okay, then.
Huemac emerges from the mists of memory!
You swap places.
An ancient zyme comes into view.
You feel yourself growing ill in the presence of the ancient zyme.
You feel ill.
You swap places.
Why would you want to do that?
You enter the shallow water.
Moving in this stuff is going to be slow.
You enter the shallow water.
Moving in this stuff is going to be slow.
A freezing wraith comes into view.
The freezing wraith completely misses you.
The freezing wraith misses you. The freezing wraith hits you.
The freezing wraith freezes you!
* * * LOW HITPOINT WARNING * * *
The freezing wraith barely misses you.
You feel your health improve.
Huemac hits the freezing wraith but does no damage.
Huemac closely misses the freezing wraith.
A large abomination comes into view.
A starcursed mass comes into view.
A large abomination comes into view.
A small abomination comes into view.
The small abomination hits you!
* * * LOW HITPOINT WARNING * * *
A large abomination comes into view.
The starcursed mass shrieks in your mind.
* * * LOW HITPOINT WARNING * * *
The starcursed mass shrieks in your mind.
You die...

.##..##.
....... ...
.....
#..##..#
.##..##@.##
X....x...X..
.....X......
##..##..##.
.##.W##.X#
....R.....
.. .......
.##..##..#
.##..##..#


You could see a starcursed mass, 2 large abominations, a freezing wraith and a
small abomination.

Vanquished Creatures
  2 water moccasins
  2 ice beasts (D:5)
  A black bear (D:6)
  An ogre (D:6)
  2 scorpions
  A water moccasin zombie (D:6)
  A bullfrog skeleton (D:6)
  4 iguanas
  3 orc wizards (D:5)
  2 hound skeletons
  7 gnolls
  3 adders
  4 dart slugs
  17 orcs
  5 ball pythons
  9 endoplasms
  3 giant cockroaches (D:1)
  13 goblins
  12 hobgoblins
  5 quokkas
  5 bats
  3 frilled lizards
  7 kobolds
  8 rats
120 creatures vanquished.

Vanquished Creatures (collateral kills)
  Duvessa (D:5)
  2 black bears (D:6)
  A necrophage (D:5)
  A bullfrog (D:6)
  Dowan (D:5)
  A water moccasin skeleton (D:6)
  A centaur skeleton (D:5)
  An adder (D:5)
  A gnoll (D:5)
  A shadow imp (D:6)
  A white imp (D:5)
  An adder skeleton (D:4)
  A dart slug (D:3)
  7 orcs
  A goblin (D:5)
  3 hobgoblins (D:5)
  2 ball pythons (D:3)
  A kobold (D:2)
28 creatures vanquished.

Vanquished Creatures (others)
  A knight (D:3)
  An ancestor (D:2)
2 creatures vanquished.

Grand Total: 150 creatures vanquished

Notes
Turn   | Place    | Note
-------+----------+-------------------------------------------
     0 | D:1      | Eitelfritz the Kobold Brigand began the quest for the Orb.
     0 | D:1      | Reached XP level 1. HP: 12/12 MP: 1/1
     0 | D:1      | Noticed a tengu
     3 | D:1      | Noticed an elf
     5 | D:1      | Noticed a ghoul
     6 | D:1      | Noticed an octopode
     7 | D:1      | Noticed a tengu
     8 | D:1      | Noticed a demonspawn
     9 | D:1      | Noticed a draconian
    12 | D:1      | Noticed a formicid
    14 | D:1      | Noticed a vampire
    16 | D:1      | Noticed an ogre
    16 | D:1      | Noticed a vine stalker
    19 | D:1      | Noticed a naga
   165 | D:1      | Found a faded altar of an unknown god.
   335 | D:1      | Reached XP level 2. HP: 17/17 MP: 2/2
   507 | D:1      | Reached skill level 6 in Stealth
   942 | D:1      | Reached XP level 3. HP: 20/21 MP: 3/3
  1153 | D:1      | Prayed at the altar of an unknown god.
  1153 | D:1      | Became a worshipper of Hepliaklqana the Forgotten
  1153 | D:1      | Reached * piety under Hepliaklqana
  1462 | D:2      | Reached XP level 4. HP: 23/23 MP: 4/4
  1744 | D:2      | Found a sacrificial altar of Ru.
  2118 | D:3      | Reached skill level 7 in Stealth
  2168 | D:3      | Reached ** piety under Hepliaklqana
  2433 | D:3      | Remembered your ancestor Huemac as a knight
  2467 | D:3      | HP: 1/24 [orc/+0 dagger (2)]
  2469 | D:3      | Reached XP level 5. HP: 1/27 MP: 1/5
  3001 | D:4      | Reached skill level 8 in Stealth
  3123 | D:4      | Learned a level 2 spell: Ensorcelled Hibernation
  3188 | D:4      | Found a hazy altar of Hepliaklqana.
  3230 | D:4      | Found a broken altar of Ashenzari.
  3242 | D:4      | Found a blossoming altar of Fedhas.
  3249 | D:4      | Found an ancient bone altar of Kikubaaqudgha.
  3257 | D:4      | Found a shimmering blue altar of Sif Muna.
  3265 | D:4      | Found a sparkling altar of Nemelex Xobeh.
  3272 | D:4      | Found a sacrificial altar of Ru.
  3280 | D:4      | Found a glowing silver altar of Zin.
  3390 | D:4      | Identified the +1 chain mail "Fuog Jor" {rF+ rN+ Str-2}
  3395 | D:4      | Identified the +0 ring mail of the Sea {Str+2 Int+3}
  3408 | D:4      | Reached XP level 6. HP: 32/32 MP: 6/6
  3456 | D:4      | Reached skill level 9 in Stealth
  3582 | D:5      | Entered Level 5 of the Dungeon
  3630 | D:5      | Noticed an ice beast
  3633 | D:5      | Killed an ice beast
  3737 | D:5      | Reached XP level 7. HP: 23/36 MP: 4/7
  3895 | D:5      | Reached skill level 10 in Stealth
  4053 | D:5      | Found Etuong's Weapon Shop.
  4133 | D:5      | Noticed Dowan
  4133 | D:5      | Noticed Duvessa
  4144 | D:5      | Killed Duvessa
  4145 | D:5      | Reached skill level 11 in Stealth
  4149 | D:5      | Killed Dowan
  4150 | D:5      | Reached XP level 8. HP: 12/40 MP: 2/8
  4421 | D:5      | Found an opulent altar of Gozag.
  4802 | D:5      | Reached skill level 5 in Short Blades
  5025 | D:5      | Reached skill level 12 in Stealth
  5234 | D:5      | Reached *** piety under Hepliaklqana
  5775 | D:6      | Reached skill level 13 in Stealth
  5809 | D:6      | Reached XP level 9. HP: 26/45 MP: 7/9
  6084 | D:6      | Reached skill level 14 in Stealth
  6352 | D:6      | Found a staircase to the Ecumenical Temple.
  6360 | Temple   | Entered the Ecumenical Temple
  6650 | D:6      | Cast into level 1 of the Abyss (gnoll sergeant)
  6763 | Abyss:2  | Noticed a lich
  6819 | Abyss:2  | Noticed an ancient zyme
  6863 | Abyss:2  | Noticed a freezing wraith
  6883 | Abyss:2  | Noticed a starcursed mass
  6887 | Abyss:2  | Noticed a large abomination
  6892 | Abyss:2  | HP: 1/45 [starcursed mass/accursed screaming (4)]
  6893 | Abyss:2  | Killed from afar by a starcursed mass

Illustrated notes

Levels and vault maps discovered:
D:1:      shiori_arrival_whats_in_store_for_you, layout_basic,
          chequers_ecumenical_altar_simple_redux, serial_aquarium,
          aquarium_bridge_island_small [aquarium_subvault_small_open,
          aquarium_subvault_wall, aquarium_subvault_window,
          aquarium_subvault_balcony, aquarium_subvault_bridge],
          aquarium_window_1, aquarium_window_3, aquarium_window_1,
          aquarium_window_fake, aquarium_view_2d, aquarium_balcony_1b,
          grunt_decor_fettered, minmay_misc_feat_roman
D:2:      layout_rooms, basic_altar
D:3:      layout_rooms, kennysheep_generic_room_4
D:4:      layout_rooms, mainiacjoe_overflow_alcove_4,
          grunt_temple_overflow_octagram
D:5:      corexii_shantytown, layout_layer_cave, nicolae_gozag_seed_capital,
          serial_shops, nicolae_shop_bloodbath_and_beyond, uniq_duvessa
D:6:      layout_rooms, kennysheep_mini_moat, minmay_temple_entry_antechambers
Temple:   zaba_magenta_temple
Abyss:2:  base: D:5, base: D:2, hangedman_decor_riveting, patterned_corridor,
          hangedman_abyss_batty_box

Skill      XL: |  1  2  3  4  5  6  7  8  9 |
---------------+----------------------------+-----
Stealth        | 6 7 8 9 11 13 14 | 14.5
Short Blades   | 3 4 5 6 |  6.4
Dodging        | 2 3 |  3.6
Fighting       | 3 |  3.2
Throwing       | |  2.6

Action                   |  1- 3 |  4- 6 |  7- 9 || total
-------------------------+-------+-------+-------++-------
Melee: Dagger            |    92 |    76 |   146 ||   314
       Punch             |     1 |     2 |     1 ||     4
Throw: Dart              |       |     1 |     2 ||     3
Invok: Ancestor Life: Kn |       |     1 |       ||     1
       Recall Ancestor   |       |       |     1 ||     1
  Use: Scroll            |       |     8 |     5 ||    13
       Potion            |       |       |     1 ||     1
 Stab: Sleeping          |    13 |    27 |    36 ||    76
       Distracted        |       |       |     3 ||     3
Armor: Robe              |    17 |    13 |    13 ||    43
       Skin              |       |       |     3 ||     3
Dodge: Dodged            |    62 |    31 |    73 ||   166
